 Dungeon Crawl Stone Soup version 0.26-a0-1107-g6118521029 (webtiles) character file.

Game seed: 18161720387314342030

360 Dracia the Slasher (level 6, 0/37 HPs)
             Began as a Demonspawn Chaos Knight on Dec 16, 2020.
             Was a Plaything of Xom.
             Slain by a killer bee (7 damage)
             ... on level 4 of the Dungeon.
             The game lasted 00:09:24 (4335 turns).

Dracia the Slasher (Demonspawn Chaos Knight)        Turns: 4335, Time: 00:09:25

Health: 0/37       AC: 10    Str: 14    XL:     6   Next: 38%
Magic:  6/6        EV:  4    Int: 10    God:    Xom [*.....]
Gold:   197        SH:  0    Dex: 12    Spells: 5/5 levels left

rFire    + . .     SeeInvis .   a - +0 falchion (chaos)
rCold    x . .     Faith    .   (no shield)
rNeg     . . .     Spirit   .   h - +0 plate armour
rPois    .         Reflect  .   (helmet restricted)
rElec    .         Harm     .   (no cloak)
rCorr    +         Rampage  .   (no gloves)
Will     .....                  (no boots)
Stlth    ..........             (no amulet)
HPRegen  0.12/turn              F - ring of fire
MPRegen  0.10/turn              R - ring of resist corrosion

@: lethally poisoned (0 -> -20), very slightly contaminated, invisible
A: claws 2, hooves 1, horns 2, blurry vision 1, dopey 2, frail 2
a: Renounce Religion


You were on level 4 of the Dungeon.
You worshipped Xom.
You were a special plaything of Xom.
You visited 1 branch of the dungeon, and saw 4 of its levels.

You collected 197 gold pieces.


Innate Abilities, Weirdness & Mutations

You have very sharp fingernails.
You have large cloven feet.
You have a pair of horns on your head.
Scrolls take you a little longer to read.
You are very dopey. (Int -4)
You are very frail. (-20% HP)


   Skills:
 - Level 3.0 Fighting
 + Level 5.5 Long Blades
 - Level 1.7 Armour
 - Level 0.8 Dodging
 + Level 3.3 Unarmed Combat


You had 5 spell levels left.
You didn't know any spells.
Your spell library contained the following spells:

 Spells                   Type           Power        Failure   Level
 Beastly Appendage        Tmut           #.....       100%        1
 Wereblood                Tmut           #.......     100%        2
 Spider Form              Tmut/Pois      #.........   100%        3
 Ice Form                 Ice/Tmut       #.......     100%        4
 Blade Hands              Tmut           #.........   100%        5

Inventory:

Hand Weapons
 a - a +0 falchion of chaos (weapon)
Missiles
 g - 7 poisoned darts (quivered)
 l - 8 datura-tipped darts
Armour
 b - a +2 leather armour
 h - a +0 plate armour (worn)
Jewellery
 F - a ring of fire (left claw)
 R - a ring of resist corrosion (right claw)
Wands
 k - a wand of paralysis (9)
Scrolls
 c - 4 scrolls of fog {unknown}
 d - 5 scrolls of identify {unknown}
 e - 2 scrolls of random uselessness {unknown}
 f - a scroll of amnesia {unknown}
 i - 2 scrolls of teleportation {unknown}
 m - a scroll of magic mapping {unknown}
 n - a scroll of enchant armour {unknown}
 o - a scroll of remove curse {unknown}

Dungeon Overview and Level Annotations

Branches:
Dungeon (4/15)             Temple (0/1) D:4

Altars:
Kikubaaqudgha

#......[.# #.......
#.....##[# #.....>.
#.....##.# ####'###
########.# ####.# . #
##'###....# .
#.##########.........#..
#.......................
........................
.#....y@.............#..
#......>.##.........##.
######+#...............
#..#........###.
##.########## ..# ####


You could see a killer bee.


Message History

Your kick misses the killer bee. Your headbutt misses the killer bee.
The killer bee stings you.
* * * LOW HITPOINT WARNING * * *
You are more poisoned.
The killer bee poisons you!
You miss the killer bee.
The killer bee stings you but does no damage.
The killer bee barely misses you.
You riposte.
You miss the killer bee. Your headbutt misses the killer bee.
You closely miss the killer bee.
You feel sick. The killer bee stings you.
* * * LOW HITPOINT WARNING * * *
You are lethally poisoned!
The killer bee poisons you! The killer bee stings you.
* * * LOW HITPOINT WARNING * * *
You are more poisoned.
The killer bee poisons you!
It was a potion of invisibility.
You fade into invisibility!
* * * LOW HITPOINT WARNING * * *
You feel sick. The killer bee stings you.
* * * LOW HITPOINT WARNING * * *
The killer bee barely misses you.
You are very lightly contaminated with residual magic.
You hit the killer bee.
The killer bee is moderately wounded.
* * * LOW HITPOINT WARNING * * *
You feel sick.
The killer bee stings you but does no damage.
The killer bee stings you!
You die...

Skill      XL: |  1  2  3  4  5  6 |
---------------+-------------------+-----
Long Blades    | 3 4 5 |  5.5
Unarmed Combat | 1 2 3 |  3.3
Fighting       | |  3.0
Armour         | |  1.7
Dodging        | |  0.8

Action                   |  1- 3 |  4- 6 || total
-------------------------+-------+-------++-------
Melee: Falchion          |   111 |   189 ||   300
       Kick              |    16 |    48 ||    64
       Headbutt          |       |    27 ||    27
  Use: Potion            |       |     1 ||     1
 Stab: Sleeping          |     1 |       ||     1
       Paralysed         |       |     2 ||     2
       Distracted        |       |     1 ||     1
       Petrifying        |       |     1 ||     1
Armor: Leather armour    |    23 |       ||    23
       Plate armour      |    28 |   159 ||   187
Dodge: Dodged            |    58 |    31 ||    89
       Rpst.: Falchion   |    19 |     8 ||    27

Levels and vault maps discovered:
D:1:      nzn_arrival_settlement, layout_loops_corners, minmay_liquid_box
D:2:      layout_loops_cross, nicolae_overflow_crystal_walls
D:3:      layout_basic
D:4:      layout_basic, minmay_temple_entry_butterflies,
          kennysheep_decorative_pillar, uniq_blork_the_orc

Notes
Turn   | Place    | Note
-------+----------+-------------------------------------------
     0 | D:1      | Dracia the Demonspawn Chaos Knight began the quest for the
                  | Orb.
     0 | D:1      | Reached XP level 1. HP: 18/18 MP: 1/1
    40 | D:1      | XOM: silly message
   172 | D:1      | XOM: divination: magic mapping
   303 | D:1      | Reached skill level 3 in Long Blades
   303 | D:1      | XOM: potion effect (curing)
   315 | D:1      | You feel monstrous as your demonic heritage exerts itself.
   315 | D:1      | Gained mutation: You have large cloven feet. [demonic
                  | ancestry]
   315 | D:1      | Reached XP level 2. HP: 22/24 MP: 2/2
   744 | D:1      | XOM: potion effect (invisibility)
   796 | D:1      | Gained mutation: You have sharp fingernails. [demonic
                  | ancestry]
   796 | D:1      | Reached XP level 3. HP: 29/29 MP: 3/3
   971 | D:1      | XOM: silly message
  1371 | D:2      | Found an ancient bone altar of Kikubaaqudgha.
  1380 | D:2      | Reached skill level 1 in Unarmed Combat
  1397 | D:2      | Reached skill level 4 in Long Blades
  1803 | D:2      | XOM: 4-stop teleportation journey
  1872 | D:2      | Gained mutation: You have a pair of small horns on your
                  | head. [demonic ancestry]
  1872 | D:2      | Reached XP level 4. HP: 26/35 MP: 4/4
  2298 | D:2      | XOM: give mutation
  2298 | D:2      | Gained mutation: You are dopey. (Int -2) [Xom's mischief]
  2554 | D:3      | Gained mutation: You have very sharp fingernails. [demonic
                  | ancestry]
  2554 | D:3      | Reached XP level 5. HP: 34/41 MP: 5/5
  2703 | D:3      | Reached skill level 2 in Unarmed Combat
  2909 | D:3      | XOM: give mutations
  2909 | D:3      | Gained mutation: You are very dopey. (Int -4) [Xom's
                  | mischief]
  2909 | D:3      | Gained mutation: You have a pair of horns on your head.
                  | [Xom's mischief]
  2909 | D:3      | Gained mutation: You are frail. (-10% HP) [Xom's mischief]
  2909 | D:3      | Gained mutation: You are agile. (Dex +2) [Xom's mischief]
  3212 | D:3      | XOM: give mutations
  3212 | D:3      | Gained mutation: You are very frail. (-20% HP) [Xom's
                  | mischief]
  3212 | D:3      | Lost mutation: You are agile. (Dex +2) [Xom's mischief]
  3212 | D:3      | Gained mutation: Scrolls take you a little longer to read.
                  | [Xom's mischief]
  3290 | D:4      | XOM: noise
  3290 | D:4      | Found a staircase to the Ecumenical Temple.
  3301 | D:4      | Reached skill level 5 in Long Blades
  3660 | D:4      | Reached XP level 6. HP: 37/37 MP: 6/6
  3676 | D:4      | Reached skill level 3 in Unarmed Combat
  3972 | D:4      | XOM: summons 4 hostile demons
  4326 | D:4      | XOM: polymorph butterfly -> killer bee
  4335 | D:4      | Slain by a killer bee

Vanquished Creatures
  A scorpion (D:4)
  An orc priest (D:4)
  3 orc wizards
  A bullfrog skeleton (D:4)
  An iguana (D:4)
  2 adders
  An ooze (D:2)
  4 worms
  2 dart slugs
  3 leopard geckos
  12 orcs
  8 giant cockroaches
  8 goblins
  8 hobgoblins
  11 jackals
  3 quokkas
  A ball python (D:3)
  8 bats
  3 frilled lizards (D:1)
  11 kobolds
  8 rats
100 creatures vanquished.

Table legend: (Time is in decaauts)
 A = Elapsed time spent in this place.
 B = Non-inter-level travel time spent in this place.
 C = Inter-level travel time spent in this place.
 D = Time resting spent in this place.
 E = Time spent auto-exploring this place.
 F = Levels seen in this place.
 G = Mean time per level.
                   A        B        C        D        E       F      G
               +--------+--------+--------+--------+--------+-----+--------+
         Total |   4356 |   4263 |     93 |   1059 |   2547 |   4 | 1089.0 |
       Dungeon |   4356 |   4263 |     93 |   1059 |   2547 |   4 | 1089.0 |
               +--------+--------+--------+--------+--------+-----+--------+

Top non-repeatable levels by time:
     D:1: 1289 daAuts
     D:4: 1047 daAuts
     D:2: 1029 daAuts
     D:3: 989 daAuts

Table legend:
 A = Non-vault XP
 B = Vault XP
 C = Vault XP percentage of total XP
 D = Non-vault monster count
 E = Vault monster count
 F = Vault count percentage of total count
                 A         B        C        D         E       F
            +---------+---------+-------+---------+---------+-------
      Total |     515 |       0 |   0.0 |     100 |       0 |   0.0
            +---------+---------+-------+---------+---------+-------
        D:1 |      53 |       0 |   0.0 |      30 |       0 |   0.0
        D:2 |      66 |       0 |   0.0 |      24 |       0 |   0.0
        D:3 |     113 |       0 |   0.0 |      30 |       0 |   0.0
        D:4 |     283 |       0 |   0.0 |      16 |       0 |   0.0
            +---------+---------+-------+---------+---------+-------
